 Dungeon Crawl Stone Soup version 0.31.0-11-ge490571c62 (webtiles) character file.

Game seed: 12379647597876187342

120 sausages the Ruffian (level 5, 0/51 HPs)
             Began as an Octopode Shapeshifter on Feb 3, 2024.
             Slain by an orc
             ... wielding a +0 club
              (2 damage)
             ... on level 4 of the Dungeon.
             The game lasted 00:03:05 (2259 turns).

sausages the Ruffian (Octopode Shapeshifter)        Turns: 2259, Time: 00:03:06

Health: 0/51       AC: 22    Str: 14    XL:     5   Next: 4%
Magic:  5/5        EV:  2    Int: 14    God:
Gold:   71         SH:  0    Dex: 11    Spells: 4/4 levels left

rFire   . .          .
                       - Unarmed
rCold   . . .        (no shield)
rNeg    + . .        (helmet currently unavailable)
rPois   +            n - amulet of magic regeneration
rElec   .            o - ring of positive energy
rCorr   .            (no ring)
SInv    .            (no ring)
Will    .....        (no ring)
Stlth   +            (no ring)
HPRegen 0.28/turn    (no ring)
MPRegen 0.49/turn    (no ring)
                     (no ring)

%: no passive effects
@: tree-form
A: stationary, stasis, torment immunity, boosted hp, almost no armour,
(amphibious), 8 rings, (camouflage 1), (gelatinous body 1), (nimble swimmer 1),
(tentacles)
a: no special abilities


You were on level 4 of the Dungeon.
You were a tree.
You visited 1 branch of the dungeon, and saw 4 of its levels.

You collected 71 gold pieces.

Inventory:

Missiles
 k - 2 darts of dispersal (quivered)
Armour
 s - a +0 hat
Jewellery
 n - an amulet of magic regeneration (around neck)
 o - a ring of positive energy (left branch)
Talismans
 b - a beast talisman
 c - a flux talisman
Wands
 q - a wand of flame (21)
Scrolls
 f - a scroll of vulnerability {unknown}
 g - 2 scrolls of identify {unknown}
 j - a scroll of acquirement {unknown}
 l - a scroll of enchant armour {unknown}
 m - a scroll of fear {unknown}
 r - a scroll of immolation {unknown}
Potions
 d - a potion of degeneration {unknown}
 e - a potion of invisibility {unknown}
 h - 2 potions of mutation {unknown}
 i - a potion of might {unknown}
 p - 2 potions of attraction {unknown}


   Skills:
 + Level 2.0 Fighting
 + Level 2.5 Dodging
 * Level 4.0 Unarmed Combat
 * Level 3.9 Shapeshifting


You had 4 spell levels left.
You didn't know any spells.
Your spell library contained the following spells:

 Spells                   Type           Power      Damage    Failure   Level
 Fugue of the Fallen      Necr           0%         N/A       65%         3
 Ozocubu's Armour         Ice            0%         N/A       65%         3
 Summon Ice Beast         Ice/Summ       0%         N/A       65%         3
 Manifold Assault         Tloc           0%         N/A       96%         4
 Metabolic Englaciation   Hex/Ice        0%         N/A       100%        5
 Summon Mana Viper        Hex/Summ       0%         N/A       100%        5
 Sculpt Simulacrum        Ice/Alch       0%         N/A       100%        6
 Monstrous Menagerie      Summ           0%         N/A       100%        7


Dungeon Overview and Level Annotations

Branches:
Dungeon (4/15)
 Temple: D:4-7

Altars:

Annotations:
D:3 2 transporters, Sora's ghost, amateur AtFi


Innate Abilities, Weirdness & Mutations

You are a tree.
Your roots penetrate the ground, keeping you stationary.
You cannot be teleported.
You are immune to unholy pain and torment.
Your maximum health is greatly increased.
You cannot wear most types of armour.
((You are amphibious.))
You can wear up to eight rings at the same time.
((Your skin changes colour to match your surroundings (Stealth+).))
((Your rubbery body absorbs attacks. (AC +1, EV +1)))
((You are camouflaged when in or above water. (Stealth+)))
((You have tentacles for arms and can constrict up to eight enemies at once.))


Message History

You closely miss the orc wizard. You grab the orc wizard.
You constrict the orc wizard, but do no damage.
The orc barely misses you.
The orc wizard hits you with a +0 dagger.
The orc misses you.
You tentacle-slap the orc wizard but do no damage.
You constrict the orc wizard, but do no damage.
The orc misses you.
The orc wizard points at you and mumbles some strange words.
The magic dart hits you! The orc hits you with a +0 club.
You tentacle-slap the orc wizard but do no damage.
You constrict the orc wizard. You barely miss the orc wizard.
You squeeze the orc wizard!
The orc wizard is severely wounded.
You constrict the orc wizard. The orc barely misses you.
The orc wizard barely misses you. The orc completely misses you.
You tentacle-slap the orc wizard. You squeeze the orc wizard.
You kill the orc wizard!
The orc hits you with a +0 hand axe.
* * * LOW HITPOINT WARNING * * *
The orc hits you with a +0 club.
* * * LOW HITPOINT WARNING * * *
Your Unarmed Combat skill increases to level 4!
You have reached level 5!
You feel stronger.
You tentacle-slap the orc but do no damage.
Your grab misses the orc. The orc hits you but does no damage.
The orc misses you.
Your transformation has ended.
You turn into a tree.
Your roots penetrate the ground.
The orc hits you but does no damage. x2
You hit the orc.
The orc is almost dead.
The orc hits you with a +0 club.
* * * LOW HITPOINT WARNING * * *
The orc hits you with a +0 hand axe.
* * * LOW HITPOINT WARNING * * *
You closely miss the orc. The orc hits you but does no damage.
The orc hits you with a +0 club.
You die...

#........
#.........
#.........
#.........
#.........
#$........
#.).......
#.o)......
#<♣o......
#.........
########.#


You could see 2 orcs.

Vanquished Creatures
  An orc wizard (D:4)
  A gnoll (D:3)
  2 adders
  2 dart slugs (D:2)
  A ribbon worm (D:3)
  3 orcs
  4 ball pythons
  5 endoplasms
  6 giant cockroaches
  6 hobgoblins
  3 jackals (D:2)
  4 quokkas
  5 bats
  2 frilled lizards (D:2)
  3 goblins
  4 kobolds
  5 rats
57 creatures vanquished.

Notes
Turn   | Place    | Note
-------+----------+-------------------------------------------
     0 | D:1      | sausages the Octopode Shapeshifter began the quest for the
                  | Orb.
     0 | D:1      | Reached XP level 1. HP: 13/13 MP: 1/1
   144 | D:1      | Reached XP level 2. HP: 17/18 MP: 2/2
   811 | D:2      | Reached XP level 3. HP: 22/23 MP: 3/3
  1511 | D:3      | Reached XP level 4. HP: 12/29 MP: 4/4
  1844 | D:3      | Found a transporter.
  1845 | D:3      | Found a transporter.
  1845 | D:3      | Noticed Sora's ghost (amateur AtFi)
  1848 | D:3      | Identified the +6 dire flail of Eweqopt {freeze, rElec rC+}
  1848 | D:3      | Noticed an ogre
  2256 | D:4      | Reached skill level 4 in Unarmed Combat
  2256 | D:4      | Reached XP level 5. HP: 3/34 MP: 5/5
  2258 | D:4      | HP: 1/51 [orc/+0 hand axe (2)]
  2259 | D:4      | Slain by an orc

Illustrated notes

Levels and vault maps discovered:
D:1:      ebering_trefoil_3fold, layout_loops_ring, serial_aquarium,
          aquarium_bridge_long_separate [aquarium_subvault_bridge,
          aquarium_subvault_bridge, aquarium_subvault_balcony,
          aquarium_subvault_bridge, aquarium_subvault_balcony,
          aquarium_subvault_bridge], aquarium_bridge_straight
          [aquarium_subvault_bridge, aquarium_subvault_window,
          aquarium_subvault_bridge, aquarium_subvault_wall],
          aquarium_window_fake, aquarium_window_2, aquarium_window_2,
          aquarium_window_2, aquarium_view_2e, aquarium_balcony_1b,
          amcnicky_mini_corridor_feature
D:2:      layout_loops_cross
D:3:      layout_rooms, gammafunk_ghost_smash
D:4:      layout_rooms, nicolae_gozag_seed_capital, minmay_temple_entry_ruins,
          kennysheep_nondescript, minmay_hollow_rounded_squares

Skill      XL: |  1  2  3  4 |
---------------+-------------+-----
Fighting       | 2 |  2.0
Unarmed Combat | 4 |  4.0
Dodging        | |  2.5
Shapeshifting  | |  3.9

Action                     |  1- 3 |  4- 6 || total
---------------------------+-------+-------++-------
  Melee: Unarmed           |    82 |    35 ||   117
         Constrict         |    20 |     9 ||    29
         Tentacles         |    13 |     8 ||    21
         Punch             |     3 |       ||     3
    Use: Potion            |       |     1 ||     1
   Stab: Sleeping          |    11 |     3 ||    14
 Armour: Skin              |    31 |    29 ||    60
  Dodge: Dodged            |    36 |    27 ||    63
